BR (22 & UNDER)
QUINCY DOUGHBOYS @ INDIAN HILLS VOODOO
09/14/2028
 
TOP OF THE 1ST
Quincy Doughboys batting - Pitching for Indian Hills Voodoo : LHP Guillermo Solano
Pitching: LHP Guillermo Solano
Batting: RHB Rick Holman 0-0: Swinging Strike
0-1: Called Strike
0-2: Foul Ball, location: 2F
0-2: Strikes out swinging
Batting: RHB Pedro Zavala 0-0: Ball
1-0: Called Strike
1-1: DOUBLE (Line Drive, 7)
Batting: RHB Gilberto Bautista 0-0: Ball
1-0: Foul Ball, location: 2F
1-1: Swinging Strike
1-2: Ball
2-2: Ground out U3 (Groundball, 34)
Pedro Zavala to third
Batting: RHB Miguel Martínez 0-0: Called Strike
0-1: Called Strike
0-2: Ground out 4-3 (Groundball, 34)
Top of the 1st over - 0 run(s), 1 hit(s), 0 error(s), 1 left on base; Quincy 0 - Indian Hills 0
BOTTOM OF THE 1ST
Indian Hills Voodoo batting - Pitching for Quincy Doughboys : RHP Fernando Vázquez
Pitching: RHP Fernando Vázquez
Batting: SHB Cisco Oliva 0-0: Ground out 4-3 (Groundball, 4)
Batting: LHB Jorge Ortega 0-0: Ball
1-0: Swinging Strike
1-1: Called Strike
1-2: Ball
2-2: Ball
3-2: SINGLE (Groundball, 34) (infield hit)
Batting: RHB António Nevárez 0-0: Ball
Jorge Ortega steals 2nd base
1-0: Called Strike
1-1: Foul Ball, location: 2F
1-2: SINGLE (Line Drive, 78M)
Jorge Ortega to third
Runner from 3rd tries for Home, SAFE, no throw
Batting: LHB Juan Sánchez 0-0: Called Strike
0-1: Ball
1-1: Ball
2-1: Ball
3-1: Fly out, F9 (Flyball, 9LMF)
Batting: RHB Randall James 0-0: Foul Ball, location: 2F
0-1: Ball
1-1: Called Strike
1-2: Ground out 4-3 (Groundball, 4M)
Bottom of the 1st over - 1 run(s), 2 hit(s), 0 error(s), 1 left on base; Quincy 0 - Indian Hills 1
TOP OF THE 2ND
Quincy Doughboys batting - Pitching for Indian Hills Voodoo : LHP Guillermo Solano
Batting: RHB Mitchell Pate 0-0: Ball
1-0: Called Strike
1-1: Ball
2-1: Swinging Strike
2-2: Ball
3-2: Base on Balls
Batting: SHB Ramón Minas 0-0: Foul Ball, location: 2F
0-1: Ball
1-1: Ball
2-1: Grounds into double play, 6-4-3 (Groundball, 6)
Batting: LHB Tomás Gonzáles 0-0: Ball
1-0: Ball
2-0: Called Strike
2-1: Foul Ball, location: 2F
2-2: Foul Ball, location: 2F
2-2: Ground out 6-3 (Groundball, 56)
Top of the 2nd over - 0 run(s), 0 hit(s), 0 error(s), 0 left on base; Quincy 0 - Indian Hills 1
BOTTOM OF THE 2ND
Indian Hills Voodoo batting - Pitching for Quincy Doughboys : RHP Fernando Vázquez
Batting: RHB Ricardo Navarro 0-0: Foul Ball, location: 2F
0-1: Hit by Pitch
Batting: RHB Ricardo García 0-0: Ball
1-0: Ground out 5-3 (Groundball, 56S)
Ricardo Navarro to second
Batting: LHB José Castillo 0-0: Ball
1-0: Called Strike
1-1: Ground out 4-3 (Groundball, 34)
Ricardo Navarro to third
Batting: LHB Dave Wilkinson 0-0: Called Strike
0-1: Called Strike
0-2: Ground out 4-3 (Groundball, 4M)
Bottom of the 2nd over - 0 run(s), 0 hit(s), 0 error(s), 1 left on base; Quincy 0 - Indian Hills 1
TOP OF THE 3RD
Quincy Doughboys batting - Pitching for Indian Hills Voodoo : LHP Guillermo Solano
Batting: RHB Ben Martin 0-0: Called Strike
0-1: Ball
1-1: Called Strike
1-2: Ground out U3 (Groundball, 34)
Batting: RHB Tucker Cooper 0-0: Called Strike
0-1: SINGLE (Groundball, 34D)
Batting: RHB Rick Holman 0-0: Foul Ball, location: 2F
0-1: SINGLE (Flyball, 89M)
Tucker Cooper to second
Runner from 2nd tries for 3rd, OUT!
Rick Holman to second
Batting: RHB Pedro Zavala 0-0: Foul Ball, location: 2F
0-1: 2-RUN HOME RUN (Flyball, 7LD), Distance : 346 ft
Batting: RHB Gilberto Bautista 0-0: Called Strike
0-1: Called Strike
0-2: Strikes out swinging
Top of the 3rd over - 2 run(s), 3 hit(s), 0 error(s), 0 left on base; Quincy 2 - Indian Hills 1
BOTTOM OF THE 3RD
Indian Hills Voodoo batting - Pitching for Quincy Doughboys : RHP Fernando Vázquez
Batting: SHB Cisco Oliva 0-0: Ball
1-0: Foul Ball, location: 2F
1-1: Called Strike
1-2: Ball
2-2: TRIPLE (Line Drive, 3L)
Batting: LHB Jorge Ortega 0-0: Foul Ball, location: 2F
0-1: Ground out 4-3 (Groundball, 34)
Cisco Oliva scores
Batting: RHB António Nevárez 0-0: Called Strike
0-1: Ball
1-1: Ground out 6-3 (Groundball, 6)
Batting: LHB Juan Sánchez 0-0: Reached on error, E4 (Groundball, 4)
Batting: RHB Randall James 0-0: Foul Ball, location: 2F
0-1: Ball
1-1: Called Strike
1-2: Single, Error in OF, E7, batter to second base
Juan Sánchez scores
Batting: RHB Ricardo Navarro 0-0: Called Strike
0-1: Fly out, F9 (Flyball, 9S)
Bottom of the 3rd over - 2 run(s), 2 hit(s), 2 error(s), 1 left on base; Quincy 2 - Indian Hills 3
TOP OF THE 4TH
Quincy Doughboys batting - Pitching for Indian Hills Voodoo : LHP Guillermo Solano
Batting: RHB Miguel Martínez 0-0: Hit by Pitch
Batting: RHB Mitchell Pate 0-0: Fly out, F8 (Flyball, 8LM)
Batting: SHB Ramón Minas 0-0: Ball
1-0: Called Strike
1-1: Called Strike
1-2: Strikes out swinging
Batting: LHB Tomás Gonzáles 0-0: Ball
1-0: Called Strike
1-1: Ball
2-1: Foul Ball, location: 2F
2-2: Strikes out swinging
Top of the 4th over - 0 run(s), 0 hit(s), 0 error(s), 1 left on base; Quincy 2 - Indian Hills 3
BOTTOM OF THE 4TH
Indian Hills Voodoo batting - Pitching for Quincy Doughboys : RHP Fernando Vázquez
Batting: RHB Ricardo García 0-0: Ball
1-0: SINGLE (Groundball, 34D)
Batting: LHB José Castillo 0-0: Called Strike
0-1: Swinging Strike
0-2: Fielders Choice at 2nd, 5-4 (Groundball, 5)
Batting: LHB Dave Wilkinson 0-0: Ball
1-0: Called Strike
1-1: Foul Ball, location: 2F
1-2: Foul Ball, location: 2F
1-2: Ball
2-2: Strikes out looking
Batting: SHB Cisco Oliva 0-0: Called Strike
0-1: Swinging Strike
0-2: Ball
1-2: Foul Ball, location: 2F
1-2: Ball
2-2: Foul Ball, location: 2F
2-2: Strikes out swinging
Bottom of the 4th over - 0 run(s), 1 hit(s), 0 error(s), 1 left on base; Quincy 2 - Indian Hills 3
TOP OF THE 5TH
Quincy Doughboys batting - Pitching for Indian Hills Voodoo : LHP Guillermo Solano
Batting: RHB Ben Martin 0-0: Ball
1-0: Ball
2-0: Reached on error, E3 (Groundball, 34S)
Batting: RHB Tucker Cooper 0-0: Ball
1-0: Ball
2-0: Ball
3-0: Base on Balls
Batting: RHB Rick Holman 0-0: Ball
1-0: Called Strike
1-1: Foul Ball, location: 2F
1-2: Ground out 5-3 (Groundball, 56)
Ben Martin to third
Tucker Cooper to second
Batting: RHB Pedro Zavala 0-0: Called Strike
0-1: Ground out 6-3 (Groundball, 6)
Batting: RHB Gilberto Bautista 0-0: Called Strike
0-1: Fly out, F9 (Flyball, 9)
Top of the 5th over - 0 run(s), 0 hit(s), 1 error(s), 2 left on base; Quincy 2 - Indian Hills 3
BOTTOM OF THE 5TH
Indian Hills Voodoo batting - Pitching for Quincy Doughboys : RHP Fernando Vázquez
Batting: LHB Jorge Ortega 0-0: Ball
1-0: Ground out 4-3 (Groundball, 4)
Batting: RHB António Nevárez 0-0: Swinging Strike
0-1: Foul Ball, location: 2F
0-2: Ball
1-2: Ball
2-2: Strikes out swinging, 2-3 out at first.
Batting: LHB Juan Sánchez 0-0: Ball
1-0: Ball
2-0: Ball
3-0: Base on Balls
Batting: RHB Randall James 0-0: SINGLE (Groundball, 6MD)
Juan Sánchez to second
Runner from 2nd tries for 3rd, SAFE, throw made to third
Batting: RHB Ricardo Navarro 0-0: Ball
1-0: Ball
Randall James steals 2nd base
2-0: Intentional Walk
Pitching: RHP Francisco Luna
Batting: RHB Ricardo García 0-0: SINGLE (Groundball, 6MD)
Juan Sánchez scores
Randall James to third
Ricardo Navarro to second
Runner from 3rd tries for Home, SAFE, no throw
Batting: LHB José Castillo 0-0: Called Strike
0-1: Called Strike
0-2: Ball
1-2: Ground out 4-3 (Groundball, 34)
Bottom of the 5th over - 2 run(s), 2 hit(s), 0 error(s), 2 left on base; Quincy 2 - Indian Hills 5
TOP OF THE 6TH
Quincy Doughboys batting - Pitching for Indian Hills Voodoo : LHP Guillermo Solano
Batting: RHB Miguel Martínez 0-0: Ball
1-0: Called Strike
1-1: Fly out, F8 (Flyball, 8LXD)
Batting: RHB Mitchell Pate 0-0: Called Strike
0-1: Ball
1-1: Ground out 5-3 (Groundball, 56)
Batting: SHB Ramón Minas 0-0: Ground out 5-3 (Groundball, 56)
Top of the 6th over - 0 run(s), 0 hit(s), 0 error(s), 0 left on base; Quincy 2 - Indian Hills 5
BOTTOM OF THE 6TH
Indian Hills Voodoo batting - Pitching for Quincy Doughboys : RHP Francisco Luna
Batting: LHB Dave Wilkinson 0-0: SINGLE (Groundball, 34D)
Batting: SHB Cisco Oliva 0-0: Called Strike
0-1: Fly out, F6 (Line Drive, 6)
Batting: LHB Jorge Ortega 0-0: Ball
1-0: Ball
2-0: Fly out, F7 (Flyball, 7)
Batting: RHB António Nevárez 0-0: Ball
1-0: SINGLE (Groundball, 34) (infield hit)
Dave Wilkinson to second
Batting: LHB Juan Sánchez 0-0: Ball
1-0: Ball
2-0: Foul Ball, location: 2F
2-1: Ball
3-1: Foul Ball, location: 2F
3-2: Ground out U3 (Groundball, 3)
Bottom of the 6th over - 0 run(s), 2 hit(s), 0 error(s), 2 left on base; Quincy 2 - Indian Hills 5
TOP OF THE 7TH
Quincy Doughboys batting - Pitching for Indian Hills Voodoo : LHP Guillermo Solano
Batting: LHB Tomás Gonzáles 0-0: Ball
1-0: Ball
2-0: SINGLE (Groundball, 34D)
Pitching: RHP Gabriel Durán
Batting: RHB Ben Martin 0-0: Ball
1-0: Foul Ball, location: 2F
1-1: Ball
2-1: Foul Ball, location: 2F
2-2: Foul Ball, location: 2F
2-2: Fly out, F8 (Flyball, 8RM)
Batting: RHB Tucker Cooper 0-0: Ball
Tomás Gonzáles steals 2nd base
1-0: Called Strike
1-1: Called Strike
1-2: Strikes out swinging
Batting: RHB Rick Holman 0-0: Ball
1-0: Ball
2-0: Ball
3-0: Called Strike
3-1: Foul Ball, location: 2F
3-2: Strikes out looking
Top of the 7th over - 0 run(s), 1 hit(s), 0 error(s), 1 left on base; Quincy 2 - Indian Hills 5
BOTTOM OF THE 7TH
Indian Hills Voodoo batting - Pitching for Quincy Doughboys : RHP Francisco Luna
Batting: RHB Randall James 0-0: Foul Ball, location: 2F
0-1: Ground out 5-3 (Groundball, 56S)
Batting: RHB Ricardo Navarro 0-0: Ball
1-0: Ball
2-0: Ball
3-0: Base on Balls
Batting: RHB Ricardo García 0-0: Ball
1-0: Fielders Choice at 2nd, 6-4 (Groundball, 6MD)
Batting: LHB José Castillo 0-0: Swinging Strike
0-1: DOUBLE (Line Drive, 78S)
Ricardo García to third
Pitching: LHP Ronnie Beason
Batting: LHB Dave Wilkinson 0-0: Fly out, F9 (Flyball, 9LM)
Bottom of the 7th over - 0 run(s), 1 hit(s), 0 error(s), 2 left on base; Quincy 2 - Indian Hills 5
TOP OF THE 8TH
Quincy Doughboys batting - Pitching for Indian Hills Voodoo : RHP Gabriel Durán
Batting: RHB Pedro Zavala 0-0: Ball
1-0: Foul Ball, location: 2F
1-1: Ball
2-1: Fly out, F6 (Line Drive, 6)
Batting: RHB Gilberto Bautista 0-0: Ball
1-0: Called Strike
1-1: SINGLE (Flyball, 6MD)
Pitching: RHP Tom Reed
Batting: RHB Miguel Martínez 0-0: Called Strike
0-1: Grounds into double play, 6-4-3 (Groundball, 6M)
Top of the 8th over - 0 run(s), 1 hit(s), 0 error(s), 0 left on base; Quincy 2 - Indian Hills 5
BOTTOM OF THE 8TH
Indian Hills Voodoo batting - Pitching for Quincy Doughboys : LHP Ronnie Beason
Batting: SHB Cisco Oliva 0-0: Fly out, F2 (Popup, 23)
Pitching: LHP Joey Krause
Batting: LHB Jorge Ortega 0-0: Ball
1-0: Called Strike
1-1: Ball
2-1: Ball
3-1: Called Strike
3-2: Foul Ball, location: 2F
3-2: Base on Balls
Batting: RHB António Nevárez 0-0: Ball
1-0: Called Strike
1-1: Ball
2-1: Called Strike
2-2: Ball
3-2: Fly out, F4 (Line Drive, 4M)
Batting: LHB Juan Sánchez 0-0: Ball
Jorge Ortega is caught stealing 2nd base
Bottom of the 8th over - 0 run(s), 0 hit(s), 0 error(s), 0 left on base; Quincy 2 - Indian Hills 5
TOP OF THE 9TH
Quincy Doughboys batting - Pitching for Indian Hills Voodoo : RHP Tom Reed
Pitching: LHP Jared Steele
Batting: RHB Mitchell Pate 0-0: SINGLE (Groundball, 6MD)
Batting: SHB Ramón Minas 0-0: Called Strike
0-1: Ball
1-1: Ground out 5-3 (Groundball, 56S)
Mitchell Pate to second
Batting: LHB Tomás Gonzáles 0-0: Ground out 5-3 (Groundball, 56)
Batting: RHB Ben Martin 0-0: Ball
1-0: Ball
2-0: Called Strike
2-1: Foul Ball, location: 2F
2-2: Ball
3-2: Strikes out looking
Top of the 9th over - 0 run(s), 1 hit(s), 0 error(s), 1 left on base; Quincy 2 - Indian Hills 5
Tuesday, August 8th, 2017 - OOTP Baseball 17.12 Build 75